 Dungeon Crawl Stone Soup version 0.31.0-12-g77e489cdc1 (webtiles) character file.

Game seed: 12725507332771832102

529 H0rd4k the Cutter (level 7, -12/55 HPs)
             Began as a Human Artificer on Feb 12, 2024.
             Mangled by an ogre
             ... wielding a +0 giant club
              (26 damage)
             ... on level 5 of the Dungeon.
             The game lasted 00:03:11 (3911 turns).

H0rd4k the Cutter (Human Artificer)                 Turns: 3911, Time: 00:03:11

Health: -12/55     AC:  8    Str: 13    XL:     7   Next: 24%
Magic:  7/7        EV: 11    Int: 13    God:
Gold:   142        SH:  0    Dex: 13    Spells: 6/6 levels left

rFire   . . .        g - +1 dagger (venom)
rCold   . . .        (no shield)
rNeg    . . .        q - +3 leather armour
rPois   .            C - +2 hat {Will+}
rElec   .            (no cloak)
rCorr   .            (no gloves)
SInv    .            (no boots)
Will    +....        (no amulet)
Stlth   +            (no ring)
HPRegen 0.29/turn    (no ring)
MPRegen 0.10/turn

%: no passive effects
@: no status effects
A: explore regen
a: no special abilities


You were on level 5 of the Dungeon.
You visited 1 branch of the dungeon, and saw 5 of its levels.

You collected 142 gold pieces.

Inventory:

Hand Weapons
 g - a +1 dagger of venom (weapon)
 p - a +2 heavy mace
Missiles
 o - 10 poisoned darts
Armour
 q - a +3 leather armour (worn)
 C - a +2 hat of willpower (worn)
Jewellery
 w - a +6 ring of intelligence
 A - a ring of protection from cold
Talismans
 z - a blade talisman
 B - a maw talisman
Wands
 c - a wand of flame (11) (quivered)
 d - a wand of charming (9)
 e - a wand of iceblast (16)
Scrolls
 a - 5 scrolls of identify {unknown}
 f - 3 scrolls of noise {unknown}
 h - 3 scrolls of teleportation {unknown}
 k - a scroll of revelation {unknown}
 n - a scroll of torment {unknown}
 r - a scroll of fog {unknown}
 s - a scroll of silence {unknown}
 u - a scroll of vulnerability {unknown}
 x - a scroll of blinking {unknown}
 y - a scroll of poison {unknown}
Potions
 i - 2 potions of haste {unknown}
 j - a potion of brilliance {unknown}
 l - 2 potions of curing {unknown}
 m - a potion of resistance {unknown}
 t - a potion of magic {unknown}
 v - a potion of heal wounds {unknown}


   Skills:
 + Level 4.3 Fighting
 + Level 5.8 Short Blades
 - Level 2.0 Armour
 - Level 1.0 Dodging
 - Level 1.0 Stealth
 - Level 3.0 Evocations


You had 6 spell levels left.
You didn't know any spells.
Your spell library contained the following spells:

 Spells                   Type           Power      Damage    Failure   Level
 Ensorcelled Hibernation  Hex/Ice        0%         N/A       52%         2
 Passwall                 Erth           0%         N/A       75%         3
 Swiftness                Air            0%         N/A       75%         3


Dungeon Overview and Level Annotations

Branches:
Dungeon (5/15)
 Temple: D:4-7

Altars:
Uskayaw

Annotations:
D:4 exclusion: downstairs


Innate Abilities, Weirdness & Mutations

You regain HP and MP as you explore.


Message History

The iguana barely misses you.
You hit the iguana but do no damage.
The iguana looks as sick as possible!
The iguana is heavily wounded.
The iguana bites you.
You hit the iguana but do no damage.
The iguana is heavily wounded.
You hit the iguana.
The iguana is almost dead.
The iguana bites you!
* * * LOW HITPOINT WARNING * * *
You hit the iguana but do no damage.
The iguana is almost dead.
You kill the iguana!
You hit the orc.
The orc is poisoned.
The orc is heavily wounded.
You hit something but do no damage. You hit something but do no damage.
You closely miss something.
You kill the orc!
You hear some strange, mumbled words.
A puff of flame appears from out of thin air!
The puff of flame misses you.
Aiming: Charm
Press: ? - help, Shift-Dir - straight line, f - ogre
Aim: an ogre, wielding a +0 giant club (chance to affect: 56%)
You detect the charmed orc wizard.
Reactivating autopickup.
The ogre hits your orc wizard with a +0 giant club!!
Your orc wizard dies!
You hit the orc.
The orc is poisoned.
The orc is almost dead.
The orc closely misses you.
You hit the orc.
You kill the orc!
Aiming: Charm
Press: ? - help, Shift-Dir - straight line, f/p - ogre
Aim: an ogre, wielding a +0 giant club (chance to affect: 56%)
The ogre resists with significant effort.
The ogre hits you with a +0 giant club!!
You die...

######................
#......)..##########.. .
#.....†.).# #...
...#.........# #....
............)#### #...##
.##...................###
######.#####...........
#...........##.#...##.
#......#@####### # #
#.#..#$#O# .... #.#)# ###
#.. #.#.$...... ... ##
#.#........ ...
#.......... ...........
#.. .#........ ...
#......... ...


You could see an ogre.

Vanquished Creatures
  An orc warrior (D:4)
  An ogre (D:4)
  5 iguanas
  2 orc wizards
  8 adders
  A white imp (D:4)
  2 dart slugs (D:3)
  9 orcs
  7 ball pythons
  8 endoplasms
  3 giant cockroaches
  8 goblins
  7 hobgoblins
  4 jackals
  A quokka (D:2)
  2 bats (D:3)
  4 frilled lizards
  3 kobolds
  5 rats
81 creatures vanquished.

Vanquished Creatures (collateral kills)
  2 orcs
2 creatures vanquished.

Vanquished Creatures (others)
  An ogre (D:5)
  An orc wizard (D:5)
2 creatures vanquished.

Grand Total: 85 creatures vanquished

Notes
Turn   | Place    | Note
-------+----------+-------------------------------------------
     0 | D:1      | H0rd4k the Human Artificer began the quest for the Orb.
     0 | D:1      | Reached XP level 1. HP: 15/15 MP: 1/1
   136 | D:1      | Reached XP level 2. HP: 13/22 MP: 2/2
   311 | D:1      | Reached skill level 1 in Short Blades
   681 | D:2      | Reached XP level 3. HP: 25/27 MP: 3/3
   809 | D:2      | Reached skill level 2 in Short Blades
  1165 | D:2      | Found a faded altar of an unknown god.
  1386 | D:2      | Reached XP level 4. HP: 34/34 MP: 4/4
  1865 | D:3      | Reached skill level 3 in Short Blades
  2396 | D:4      | Reached XP level 5. HP: 40/40 MP: 5/5
  2396 | D:4      | Noticed an ogre
  2658 | D:4      | Killed an ogre
  2659 | D:4      | Reached skill level 4 in Short Blades
  2659 | D:4      | Reached XP level 6. HP: 27/47 MP: 6/6
  3168 | D:4      | Found a hide-covered altar of Uskayaw.
  3389 | D:4      | Noticed an orc warrior
  3492 | D:4      | Killed an orc warrior
  3493 | D:4      | Reached skill level 5 in Short Blades
  3749 | D:5      | Entered Level 5 of the Dungeon
  3796 | D:5      | Reached XP level 7. HP: 37/54 MP: 7/7
  3911 | D:5      | Mangled by an ogre

Illustrated notes

Levels and vault maps discovered:
D:1:      wander_arrival_chamber, layout_loops_ring, minmay_misc_feat_ornament
D:2:      layout_loops_ring, ebering_ecumenical_altar_box
D:3:      cheibrodos_old_hovel, layout_basic, small_statue_intersection
D:4:      layout_loops_cross, nicolae_overflow_hidden_temple,
          nicolae_nh_ransacked_shop
D:5:      layout_rooms, minmay_temple_entry_mini_moons,
          dreamdust_mushroom_princess

Skill      XL: |  1  2  3  4  5  6 |
---------------+-------------------+-----
Fighting       | 2 3 4 |  4.3
Short Blades   | 1 2 3 4 5 |  5.8
Armour         | |  2.0
Dodging        | |  1.0
Stealth        | |  1.0
Evocations     | |  3.0

Action                     |  1- 3 |  4- 6 |  7- 9 || total
---------------------------+-------+-------+-------++-------
  Melee: Dagger            |    98 |   167 |    55 ||   320
         Club              |     2 |       |       ||     2
         Punch             |     1 |     1 |     1 ||     3
  Evoke: Wand              |       |     9 |     2 ||    11
   Stab: Sleeping          |     3 |     2 |       ||     5
 Armour: Leather armour    |    48 |    77 |    20 ||   145
  Dodge: Dodged            |    46 |    68 |    10 ||   124
